 Dungeon Crawl Stone Soup version 0.28.0-53-g5a82cb258f (webtiles) character file.

Game seed: 4337017264363373344

414 Infinimo the Cudgeller (level 6, -6/67 HPs)
             Began as an Ogre Gladiator on May 28, 2022.
             Mangled by an orc warrior
             ... wielding a +0 flail
              (15 damage)
             ... on level 3 of the Dungeon.
             The game lasted 00:03:52 (3847 turns).

Infinimo the Cudgeller (Ogre Gladiator)             Turns: 3847, Time: 00:03:52

Health: -6/67      AC:  4    Str: 21    XL:     6   Next: 91%
Magic:  6/6        EV: 10    Int:  9    God:
Gold:   156        SH:  0    Dex: 16    Spells: 5/5 levels left

rFire   . . .      SeeInvis .   a - +0 flail
rCold   . . .      Faith    .   (no shield)
rNeg    . . .      Spirit   .   b - +0 robe
rPois   .          Reflect  .   c - +1 hat
rElec   .          Harm     .   (no cloak)
rCorr   +          Rampage  .   (gloves unavailable)
Will    .....                   (boots unavailable)
Stlth   +.........              (no amulet)
HPRegen 0.21/turn               j - +6 ring of dexterity
MPRegen 0.10/turn               i - ring of resist corrosion

@: no status effects
A: large, unfitting armour, tough skin 1
a: no special abilities


You were on level 3 of the Dungeon.
You visited 1 branch of the dungeon, and saw 4 of its levels.

You collected 156 gold pieces.

Inventory:

Hand Weapons
 a - a +0 flail (weapon)
 e - a +0 hunting sling
Missiles
 d - 3 throwing nets (quivered)
 f - 26 sling bullets
Armour
 b - a +0 robe (worn)
 c - a +1 hat (worn)
Jewellery
 i - a ring of resist corrosion (right hand)
 j - a +6 ring of dexterity (left hand)
 n - an amulet of faith
Scrolls
 g - 4 scrolls of identify
Potions
 h - a potion of degeneration {unknown}
 k - 3 potions of curing
 m - 2 potions of brilliance


   Skills:
 + Level 5.8 Fighting
 * Level 5.8 Maces & Flails
 - Level 2.0 Throwing
 - Level 2.6 Dodging


You had 5 spell levels left.
You didn't know any spells.
Your spell library contained the following spells:

 Spells                   Type           Power      Damage    Failure   Level
 Slow                     Hex            0%         N/A       38%         1
 Confusing Touch          Hex            0%         N/A       77%         3
 Vampiric Draining        Necr           0%         2d6       77%         3


Dungeon Overview and Level Annotations

Branches:
Dungeon (4/15)
 Temple: D:4-7

Altars:


Innate Abilities, Weirdness & Mutations

You are too large for most types of armour.
You have tough skin. (AC +1)


Message History

An orc comes into view. It is wielding a +0 club.
The orc warrior closely misses you.
You shoot a sling bullet. The sling bullet hits the orc warrior.
The orc warrior is moderately wounded.
The orc warrior hits you with a +0 flail!
You shoot a sling bullet.
The sling bullet barely misses the orc warrior.
The sling bullet closely misses the orc wizard.
The orc wizard gestures wildly while chanting.
The orc wizard flickers and vanishes!
There is a stone staircase leading down here.
The orc warrior hits you but does no damage.
An orc wizard appears from thin air!
Reactivating autopickup.
There is a stone staircase leading up here.
You climb upwards.
There is a stone staircase leading down here.
a - a +0 flail (weapon)
You hit the orc warrior.
The orc warrior is heavily wounded.
The orc warrior hits you with a +0 flail.
You barely miss the orc warrior.
The orc warrior is heavily wounded.
The orc warrior hits you with a +0 flail!
You thump the orc warrior!
The orc warrior is severely wounded.
The orc warrior hits you with a +0 flail!!
You are too injured to fight recklessly!
You are too injured to fight recklessly!
You are too injured to fight recklessly!
You hit the orc warrior.
The orc warrior is severely wounded.
The orc warrior hits you with a +0 flail.
The orc warrior hits you with a +0 flail!
* * * LOW HITPOINT WARNING * * *
Okay, then.
You closely miss the orc warrior.
The orc warrior is severely wounded.
The orc warrior hits you with a +0 flail!
You die...

### ## #.###### #[
############......###.
#....@................
###.###o###.##.####.###.
#.....#.# #.##.####.# #.
#.#.#.#.# #.#.....#.# #.
#.#...#.# #.#####.#.####
#.#####.###.......#.....
#...^...#......#.....##.
#.......#......#.....##.
#..............'........


You could see an orc warrior.

Vanquished Creatures
  Grinder (D:3)
  Jessica (D:3)
  Natasha (thrice) (D:3)
  An iguana (D:4)
  3 adders
  A dart slug (D:1)
  2 orcs (D:3)
  4 ball pythons
  4 bats
  2 endoplasms (D:1)
  2 giant cockroaches
  8 goblins
  6 hobgoblins
  5 kobolds
  3 quokkas
  7 frilled lizards
  7 rats
  A spectral kobold (D:2)
61 creatures vanquished.

Notes
Turn   | Place    | Note
-------+----------+-------------------------------------------
     0 | D:1      | Infinimo the Ogre Gladiator began the quest for the Orb.
     0 | D:1      | Reached XP level 1. HP: 22/22 MP: 1/1
   334 | D:1      | Reached XP level 2. HP: 31/31 MP: 2/2
  1057 | D:2      | Reached XP level 3. HP: 29/37 MP: 3/3
  1970 | D:2      | Found a faded altar of an unknown god.
  2221 | D:3      | Noticed Natasha
  2225 | D:3      | Killed Natasha
  2226 | D:3      | Reached XP level 4. HP: 48/48 MP: 4/4
  2445 | D:3      | Noticed Natasha
  2463 | D:3      | Killed Natasha
  2658 | D:3      | Reached XP level 5. HP: 53/55 MP: 5/5
  2686 | D:3      | Noticed Grinder
  2700 | D:3      | Paralysed by Grinder for 2 turns
  2728 | D:3      | Noticed Jessica
  2734 | D:3      | Killed Jessica
  2743 | D:3      | Paralysed by Grinder for 3 turns
  2759 | D:3      | Killed Grinder
  2760 | D:3      | Reached skill level 5 in Fighting
  2760 | D:3      | Reached skill level 5 in Maces & Flails
  2760 | D:3      | Reached XP level 6. HP: 10/66 MP: 6/6
  3164 | D:3      | Noticed Natasha
  3174 | D:3      | Killed Natasha
  3807 | D:4      | Noticed an orc warrior
  3847 | D:3      | Mangled by an orc warrior

Illustrated notes

Levels and vault maps discovered:
D:1:      matt_arrival_diagonals, layout_basic, chequers_big_river
D:2:      layout_loops_cross, dreamdust_ecumenical_altar_drowned_temple
D:3:      layout_basic, skrybe_limestone_x, uniq_natasha, uniq_jessica,
          uniq_grinder
D:4:      layout_loops_ring, nicolae_ru_sacrificial_ziggurat,
          old_standard_altar, lemuel_crystal_altar, minmay_unequal, uniq_edmund

Skill      XL: |  1  2  3  4  5 |
---------------+----------------+-----
Fighting       | 3 4 5 |  5.8
Maces & Flails | 3 4 5 |  5.8
Throwing       | |  2.0
Dodging        | |  2.6

Action                   |  1- 3 |  4- 6 || total
-------------------------+-------+-------++-------
Melee: Flail             |   133 |    79 ||   212
       Punch             |     2 |     2 ||     4
 Fire: Hunting sling     |       |     9 ||     9
  Use: Scroll            |       |     6 ||     6
       Potion            |       |     1 ||     1
 Stab: Sleeping          |     1 |       ||     1
Armor: Robe              |    48 |    11 ||    59
Dodge: Dodged            |    76 |    30 ||   106
